 Dungeon Crawl Stone Soup version 0.31-a0-1308-ga3cce3a448 (webtiles) character file.

Game seed: 6937465670603650587

480170 GokuderaElPsyCongroo the Conqueror (level 23, -28/242 HPs)
             Began as a Minotaur Berserker on Sept 26, 2023.
             Was the Champion of Trog.
             Killed by the air
             ... invoked by a titan
              (40 damage)
             ... on level 5 of the Vaults on Dec 19, 2023.
             The game lasted 13:04:47 (67374 turns).

GokuderaElPsyCongroo the Conqueror (MiBe)          Turns: 67374, Time: 13:04:48

Health: -28/242    AC: 26    Str: 21    XL:     23   Next: 69%
Magic:  7/7        EV: 14    Int:  1    God:    Trog [******]
Gold:   1621       SH: 26    Dex: 16    Spells: 22/22 levels left

rFire   + + +        b - +9 broad axe (antimagic)
rCold   + . .        N - +3 tower shield {rF+}
rNeg    + + +        L - +0 plate armour of Muttered Phrases {^Drain Fly rPois rN++}
rPois   +            (helmet restricted)
rElec   +            y - scarf {rC+ rF+}
rCorr   .            S - +0 pair of gloves "Otufateh" {+Blink rElec Str-4}
SInv    +            H - +2 pair of boots {rampage}
Will    +++..        l - amulet of regeneration Stlth
                     v - ring of the Octopus King {HP+2 AC+2 EV+2 SH+2 SInv}
HPRegen 1.40/turn    I - ring of Incredulity {rElec rF+++ rN+ Will+ Int-5}
MPRegen 0.10/turn

%: clarity, rampage
@: flying, studying 3 skills
A: horns 2, retaliatory headbutt, clarity, strong-willed 1
}: 2/15 runes: barnacled, gossamer
a: Renounce Religion, Evoke Blink, Berserk, Trog's Hand, Brothers in Arms


You were on level 5 of the Vaults.
You worshipped Trog.
Trog was exalted by your worship.
You visited 10 branches of the dungeon, and saw 45 of its levels.
You visited 2 bazaars.
You also visited: Gauntlet.

You collected 6860 gold pieces.
You spent 5239 gold pieces at shops.

Inventory:

Hand Weapons
 a - the +6 broad axe of the Desert {heavy, *Slow rPois Dex-2 SInv}
   (Trog gifted it to you on level 5 of the Lair of Beasts)

   Dex-2:     It affects your dexterity (-2).
   rPois:     It protects you from poison SInv: It lets you see invisible.
   *Slow:     It may slow you when you take damage.
 b - a +9 antimagic broad axe (weapon)
 U - the +7 eveningstar "Giantbane" {flame, rPois}
   (Trog gifted it to you on level 2 of the Crypt)

   rPois:     It protects you from poison
Missiles
 f - 5 throwing nets
 o - 5 javelins (quivered)
 w - 9 boomerangs
 z - 7 silver javelins
 Q - 44 poisoned darts
 R - a curare-tipped dart
Armour
 k - a +0 kite shield of reflection
 y - a scarf of resistance (worn)
 H - a +2 pair of boots of rampaging (worn)
 L - the +0 plate armour of Muttered Phrases (worn) {^Drain Fly rPois rN++}
   (You bought it in a shop on level 1 of the Elven Halls)

   rPois:     It protects you from poison rN++: It greatly protects you from
   negative energy.
   Fly:       It grants you flight.
   ^Drain:    It drains your maximum health when unequipped.
 N - a +3 tower shield of fire resistance (worn)
 S - the +0 pair of gloves "Otufateh" (worn) {+Blink rElec Str-4}
   (You found it in a Gauntlet)

   Str-4:     It affects your strength (-4).
   rElec:     It insulates you from electricity.
   +Blink:    It lets you blink.
 W - the +4 scale mail of Huopav {rC++ Slay+5 Stlth+}
   (You bought it in a shop on level 2 of the Orcish Mines)

   Slay+5:    It affects your accuracy & damage with ranged weapons and melee
   (+5).
   rC++:      It greatly protects you from cold.
   Stlth+:    It makes you more stealthy.
Jewellery
 l - an amulet of regeneration (around neck)
 q - a +6 ring of strength
 v - a ring of the Octopus King (left hand) {HP+2 AC+2 EV+2 SH+2 SInv}
   (You bought it in a shop on level 2 of the Orcish Mines)

   [ring of see invisible]

   AC+2:      It affects your AC (+2).
   EV+2:      It affects your evasion (+2).
   HP+2:      It affects your health (+2).
   SInv:      It lets you see invisible.
   SH+2:      It affects your SH (+2).
 I - the ring of Incredulity (right hand) {rElec rF+++ rN+ Will+ Int-5}
   (You found it on level 1 of the Orcish Mines)

   [ring of positive energy]

   Int-5:     It affects your intelligence (-5).
   rF+++:     It renders you almost immune to fire.
   rElec:     It insulates you from electricity.
   rN+:       It protects you from negative energy.
   Will+:     It increases your willpower.
 X - a ring of ice
Wands
 s - a wand of mindburst (14)
 A - a wand of polymorph (14)
 B - a wand of iceblast (15)
 D - a wand of digging (23)
 E - a wand of paralysis (19)
 O - a wand of acid (23)
 P - a wand of flame (78)
Scrolls
 g - 8 scrolls of immolation
 i - 4 scrolls of revelation
 m - 5 scrolls of vulnerability
 p - a scroll of fear
 r - 8 scrolls of poison
 F - 4 scrolls of blinking
 G - 6 scrolls of fog
 J - a scroll of summoning
 V - 4 scrolls of silence
 Y - 4 scrolls of teleportation
Potions
 c - 2 potions of cancellation
 d - 2 potions of might
 j - 7 potions of enlightenment
 t - 5 potions of lignification
 u - 7 potions of ambrosia
 x - 3 potions of invisibility
 C - 5 potions of resistance
 K - 10 potions of curing
 M - a potion of mutation
 T - 2 potions of berserk rage
Miscellaneous
 e - a lightning rod (4/4)
 h - a sack of spiders
 n - a tin of tremorstones (1/2)
 Z - a phial of floods


   Skills:
 O Level 27 Fighting
 - Level 14.0 Long Blades
 - Level 16.3(18.0) Axes
 - Level 12.3(16.0) Maces & Flails
 - Level 1.1(10.7) Polearms
 - Level 5.0 Ranged Weapons
 - Level 16.1 Throwing
 - Level 20.0 Armour
 - Level 14.0 Dodging
 - Level 6.9 Stealth
 - Level 19.0 Shields
 + Level 14.9 Evocations


You had 22 spell levels left.
You didn't know any spells.
Your spell library was empty.

Dungeon Overview and Level Annotations

Branches:
Dungeon (15/15)            Temple (1/1) D:7            Lair (5/5) D:9
 Shoals (4/4) Lair:2       Spider (4/4) Lair:2        Slime (0/5) Lair:5
    Orc (2/2) D:10            Elf (2/3) Orc:2        Vaults (5/5) D:14
  Crypt (3/3) Vaults:2       Tomb (0/3) Crypt:3      Depths (4/4) D:15
    Zot (0/5) Depths:4    Gauntlet (visited)

Altars:
Ashenzari
Cheibriados
Dithmenos
Elyvilon
Fedhas
Gozag
Hepliaklqana
Kikubaaqudgha
Makhleb
Nemelex Xobeh
Okawaru
Qazlal
Ru
Sif Muna
Trog
Uskayaw
Vehumet
Wu Jian
Xom
Yredelemnul
Zin
The Shining One
Jiyva
Lugonu

Shops:
D:5 *   D:9 [   Orc:2 (*=(![(   Elf:1 :[:[   Elf:2 (   Shoals:3 ?   Vaults:1 :(
Vaults:2 :   Depths:3 **   Depths:4 (

Portals:
Hell: Depths:1 Depths:2 Depths:3 Depths:4
Abyss: Depths:1 Depths:2 Depths:3
Pandemonium: Depths:2
Ziggurat: Depths:4
Trove: Vaults:3 (give 5 potions of resistance)

Annotations:
D:3 exclusion: downstairs
D:8 3 exclusions
D:9 exclusion: upstairs
D:10 exclusion: downstairs
Temple 4 transporters
Vaults:3 exclusion: downstairs


Innate Abilities, Weirdness & Mutations

You have a pair of horns on your head.
You reflexively headbutt those who attack you in melee.
You possess an exceptional clarity of mind.
You are strong-willed. (Will+)


Message History

Aim: an ironbound preserver, wielding a +5 orcbow, wearing a +0 ring mail and quivering stones (moderately wounded, 86% to hit)
Okay, then.
As you read the scroll of teleportation, it crumbles to dust.
You feel strangely unstable. The fire giant closely misses you.
Throw: 6 javelins
Press: ? - help, Q - select action, (/) - cycle Shift-Dir - straight line, f - deep troll, p - ironbound preserver
Aim: a deep troll (sheltered from injuries, 75% to hit)
You throw a javelin. The javelin misses the tengu reaver.
The javelin pierces through the vault sentinel!
You kill the vault sentinel!
Trog accepts your kill.
Trog appreciates your killing of a magic user.
The javelin pierces through the vault guard!!
The vault guard is heavily wounded.
The javelin pierces through the ironbound preserver!
The ironbound preserver is moderately wounded.
The javelin pierces through the deep troll!!
The deep troll is moderately wounded.
The fire giant hits you with a +2 great sword of flaming!!
* * * LOW HITPOINT WARNING * * *
The fire giant burns you.
* * * LOW HITPOINT WARNING * * *
The ironbound preserver casts a spell.
The ironbound preserver is healed somewhat.
Your surroundings suddenly seem different.
A deep elf high priest and a vault sentinel come into view.
Found a potion of cancellation and a potion of magic.
The vault guard shouts!
The deep elf high priest shouts!
The vault sentinel shouts!
You hear a shout!
The titan waves its arms in wide circles.
The air twists around and strikes you!!!
* * * LOW HITPOINT WARNING * * *
As you read the scroll of fear, it crumbles to dust.
You assume a fearsome visage.
The titan resists with some effort.
The vault guard looks frightened!
The deep elf high priest resists with almost no effort.
The vault sentinel looks frightened!
The titan waves its arms in wide circles.
The air twists around and strikes you!!!
You die...

......... ..#!.
......... ..#..
.
.........#.....
.
........#.....
...
............#
...ยง
..........e.#
...#.
!C..........#
..#.$p #..@..#
...[).
#.....#p.#
...p..
#........ #
..C..C
#..p.....#.#
..C...
#........#. #
......
........#...
#.....
.......#.. .#
.#... ...#..#
....# ..#.


You could see a titan, a vault guard (fleeing), a vault sentinel (fleeing) and a
deep elf high priest.

Vanquished Creatures
  Frederick (Vaults:2)
  A dread lich (Vaults:5)
  Khufu (Crypt:3)
  Mennas (Vaults:2)
  A juggernaut (Depths:3)
  Sojobo (Crypt:3)
  Vv (Depths:3)
  Margery (Crypt:2)
  Jory (Vaults:4)
  A profane servitor (Crypt:3)
  Arachne (Spider:2)
  Norris (Vaults:1)
  2 bone dragons
  Mlioglotl (Spider:2)
  3 liches
  3 titans (Vaults:5)
  A searing wretch (Crypt:2)
  Asterion (Vaults:2)
  5 sphinxes
  4 ancient champions
  Kirke (D:14)
  Agnes (Vaults:2)
  Ilsuiw (Shoals:3)
  A shadow dragon (Depths:4)
  A storm dragon (Depths:4)
  The ghost of Miokhlun the Devastator, a journeyman DrCj of Vehumet (D:13)
  The ghost of Fiesu the Devastator, a journeyman DrCj of Vehumet (D:13)
  5 tengu reavers
  Aizul (Vaults:2)
  Donald (Spider:2)
  3 revenants
  11 vault wardens
  2 draconian knights
  4 emperor scorpions
  6 fire giants
  2 deep elf sorcerers
  4 frost giants
  A ghost moth (Spider:3)
  Louise (Depths:3)
  2 curse skulls (Crypt:1)
  5 orc warlords
  2 ghouls
  2 spriggan defenders (Vaults:2)
  14 very ugly things
  8 broodmothers
  12 stone giants
  16 ironbound preservers
  2 vampire knights
  3 war gargoyles
  7 ironbound thunderhulks
  A formless jellyfish (Vaults:1)
  2 deep elf annihilators
  2 green draconians (Depths:4)
  5 dire elephants
  2 deep elf death magi
  The ghost of WhatIsLove the Thaumaturge, a journeyman DjFE of Makhleb (D:12)
  A black draconian (Depths:4)
  3 white draconians (Depths:4)
  A minotaur (Gauntlet)
  7 spark wasps
  A yellow draconian (Depths:4)
  A crystal guardian (Vaults:2)
  2 merfolk javelineers
  5 ettins
  3 eidola
  15 jiangshi
  Josephine (D:14)
  2 mummy priests (Crypt:3)
  9 entropy weavers
  The ghost of Gazaiw the Cleaver, a journeyman MiBe of Trog (Orc:1)
  17 yaktaur captains
  5 fire dragons
  10 merfolk impalers
  2 deep elf high priests (Vaults:5)
  6 hydras
  3 rakshasas
  20 vault guards
  11 ice dragons
  7 great orbs of eyes
  2 peacekeepers
  2 radroaches (Spider:1)
  5 merfolk avatars
  4 spriggan air magi
  11 ironbound frosthearts
  3 jorogumos (Spider:4)
  12 centaur warriors
  4 merfolk aquamancers (Shoals:4)
  A satyr (Shoals:3)
  7 boulder beetles
  6 death knights
  2 alligator snapping turtles (Shoals:4)
  6 two-headed ogres
  An anaconda (shapeshifter) (D:12)
  5 death yaks (Lair:2)
  8 deep troll shamans
  A sphinx skeleton (Vaults:2)
  25 dancing weapons
  Urug (Orc:2)
  6 vampire magi
  5 orc high priests (Orc:2)
  A deep troll earth mage (Depths:3)
  8 demonic crawlers
  8 tengu warriors
  15 hell knights
  2 spriggan berserkers
  A sun demon (Depths:2)
  5 skysharks
  Amaemon (D:10)
  9 deep elf knights
  23 skeletal warriors
  11 pharaoh ants
  A sixfirhy (Gauntlet)
  2 goliath frogs (Lair:5)
  An iron troll (Depths:2)
  3 sun moths (Spider:3)
  A goliath frog (shapeshifter) (D:13)
  6 shadow wraiths
  An anaconda zombie (Crypt:1)
  55 deep trolls
  14 sea snakes
  8 orb spiders
  3 glowing orange brains
  A shadow demon (Depths:2)
  A quicksilver dragon simulacrum (Vaults:1)
  6 lindwurms (Vaults:1)
  7 arcanists
  Pikel (D:6)
  A large abomination (Crypt:3)
  6 flayed ghosts
  5 deep elf archers
  21 ironbound convokers
  25 harpies
  2 phantasmal warriors
  A tengu zombie (Vaults:2)
  16 deep elf pyromancers
  10 orc knights
  8 steelbarb worms
  An alligator zombie (Crypt:1)
  9 necromancers
  21 deep elf zephyrmancers
  53 ugly things
  4 orc sorcerers
  9 cyclopes
  A manticore (shapeshifter) (D:11)
  27 wolf spiders
  9 fauns
  2 oklob plants (Lair:1)
  A shadow dragon skeleton (Vaults:2)
  17 elephants (Lair:5)
  4 centaur zombies
  3 moths of wrath
  A fire giant zombie (Crypt:2)
  A frost giant skeleton (Crypt:2)
  3 stone giant skeletons
  21 manticores
  6 merfolk sirens
  4 black mambas
  An iron dragon skeleton (Crypt:3)
  The ghost of Domino the Chopper, a novice MiBe of Trog (D:6)
  A water nymph (shapeshifter) (Vaults:5)
  A dire elephant zombie (Crypt:1)
  2 unseen horrors
  8 water nymphs
  2 smoke demons (Depths:2)
  15 vault sentinels
  2 centaur skeletons (D:7)
  8 torpor snails
  A titan simulacrum (Crypt:3)
  22 cane toads
  An ice statue (Vaults:4)
  A dire elephant skeleton (Crypt:1)
  2 gargoyles (D:11)
  A purple draconian zombie (Crypt:2)
  8 freezing wraiths
  Psyche (D:11)
  A rime drake (Lair:1)
  An orb spider zombie (Crypt:1)
  31 yaktaurs
  An anaconda simulacrum (Crypt:1)
  9 komodo dragons
  A tengu conjurer (Depths:2)
  23 merfolk
  7 guardian mummies (Crypt:3)
  3 spectral deep trolls (Crypt:2)
  2 hellwings (D:7)
  2 harpy zombies
  An iron troll zombie (Crypt:1)
  A great orb of eyes zombie (Crypt:2)
  3 tyrant leeches (Lair:5)
  A harpy skeleton (Crypt:1)
  4 meliai
  5 trolls
  Prince Ribbit (D:5)
  9 dream sheep
  28 tarantellas
  6 hornets
  A polar bear (Lair:3)
  17 snapping turtles
  A stone giant simulacrum (Crypt:1)
  4 wind drakes
  23 blink frogs
  A meliai zombie (D:7)
  An elf zombie (Vaults:2)
  A boulder beetle zombie (Crypt:1)
  An air elemental (Elf:2)
  A fire giant simulacrum (Vaults:1)
  30 jumping spiders
  32 slime creatures
  A jumping spider (shapeshifter) (Depths:2)
  15 culicivoras
  59 flying skulls (Crypt:3)
  12 wraiths
  4 spriggans
  A spriggan (shapeshifter) (D:15)
  11 water elementals
  A dire elephant simulacrum (Crypt:1)
  3 shadows
  A slime creature zombie (Crypt:2)
  4 wyverns
  26 yaks
  A yak (shapeshifter) (D:13)
  3 hogs (D:14)
  58 redbacks
  A redback (shapeshifter) (D:13)
  15 vampire mosquitoes
  4 basilisks
  A warg (Orc:1)
  2 acid dragons (D:13)
  17 water moccasins
  A two-headed ogre skeleton (Crypt:2)
  Pargi (D:4)
  42 orc warriors
  6 black bears
  2 sky beasts
  3 small abominations (Crypt:3)
  15 ogres
  A black mamba simulacrum (Crypt:3)
  The ghost of MackTheKnife the Cudgeller, an amateur DrWr (D:4)
  2 human zombies
  16 centaurs
  2 phantoms
  A swamp dragon skeleton (Crypt:2)
  19 wolves
  4 kobold brigands
  21 bullfrogs
  A salamander zombie (Crypt:1)
  4 necrophages (Crypt:3)
  3 gnoll sergeants
  2 scorpions
  An earth elemental (Elf:1)
  9 wights
  11 killer bees
  A queen bee zombie (Crypt:1)
  An electric eel (Lair:4)
  A howler monkey (D:12)
  A basilisk zombie (Crypt:1)
  5 hounds
  27 orc priests
  A sleepcap (D:4)
  2 gnoll boudas
  3 jellies
  2 iguanas
  18 orc wizards
  6 hell rats (Lair:3)
  A hound skeleton (Crypt:2)
  Robin (D:2)
  7 adders
  26 gnolls
  4 shadow imps (D:7)
  A white imp (D:6)
  5 ufetubi
  2 worms
  A dart slug (D:5)
  73 orcs
  5 endoplasms
  3 giant cockroaches
  16 goblins
  18 hobgoblins
  10 jackals
  3 quokkas
  7 ball pythons
  4 bats
  2 frilled lizards (D:1)
  16 kobolds
  2 rats
  2 spectral weapons (Vaults:2)
1919 creatures vanquished.

Vanquished Creatures (collateral kills)
  An emperor scorpion (Spider:2)
  A broodmother (Spider:4)
  Snorg (D:14)
  A sea snake (Shoals:3)
  3 slime creatures (D:12)
  An orb spider (Spider:4)
  An oklob plant (Lair:5)
  An ugly thing (D:14)
  An orange demon (D:10)
  2 meliai
  A jumping spider (Spider:4)
  A shadow (D:11)
  A warg (Orc:1)
  An orc warrior (Orc:2)
  A wolf (Gauntlet)
  3 orc priests (Orc:2)
  An orc (Orc:2)
22 creatures vanquished.

Vanquished Creatures (others)
  A broodmother (Spider:4)
  A vault guard (Vaults:5)
  A steelbarb worm (Spider:4)
  2 harpies
  A deep elf zephyrmancer (Elf:2)
  A culicivora (Spider:2)
  2 humans (D:14)
  An orc (Orc:2)
10 creatures vanquished.

Grand Total: 1951 creatures vanquished

Notes
Turn   | Place    | Note
-------+----------+-------------------------------------------
     0 | D:1      | GokuderaElPsyCongroo the Minotaur Berserker began the quest
                  | for the Orb.
     0 | D:1      | Reached XP level 1. HP: 19/19 MP: 0/0
   120 | D:1      | You fall into a shaft and drop 1 floor!
   291 | D:2      | Reached skill level 4 in Fighting
   291 | D:2      | Reached XP level 2. HP: 27/27 MP: 1/1
   483 | D:2      | Reached XP level 3. HP: 25/34 MP: 2/2
   518 | D:2      | Noticed Robin
   963 | D:2      | Killed Robin
   963 | D:2      | Reached ** piety under Trog
  1177 | D:1      | Reached XP level 4. HP: 41/41 MP: 3/3
  1328 | D:1      | Reached skill level 5 in Fighting
  1329 | D:1      | Reached skill level 5 in Maces & Flails
  1695 | D:1      | Found a faded altar of an unknown god.
  2320 | D:2      | Found a burning altar of Makhleb.
  2717 | D:3      | Reached *** piety under Trog
  2783 | D:3      | Reached skill level 1 in Evocations
  2783 | D:3      | Reached XP level 5. HP: 44/48 MP: 4/4
  3363 | D:4      | Reached skill level 1 in Polearms
  3377 | D:4      | Noticed Pargi
  3400 | D:4      | Reached XP level 6. HP: 33/56 MP: 5/5
  3445 | D:4      | Killed Pargi
  3813 | D:4      | Reached XP level 7. HP: 61/61 MP: 6/6
  3833 | D:4      | Found a shimmering altar of Xom.
  3835 | D:4      | Found a shimmering altar of Xom.
  3836 | D:4      | Found a shimmering altar of Xom.
  3838 | D:4      | Found a shimmering altar of Xom.
  3838 | D:4      | Found a shimmering altar of Xom.
  3926 | D:4      | Reached **** piety under Trog
  3939 | D:4      | Found a runed translucent door.
  3940 | D:4      | Noticed MackTheKnife's ghost (amateur DrWr)
  3965 | D:4      | Found a runed translucent door.
  3981 | D:4      | Killed MackTheKnife's ghost
  4395 | D:5      | Entered Level 5 of the Dungeon
  4420 | D:5      | Reached skill level 6 in Fighting
  4496 | D:5      | Reached XP level 8. HP: 35/71 MP: 7/7
  4644 | D:5      | Noticed Prince Ribbit
  4798 | D:5      | Reached skill level 7 in Fighting
  4979 | D:5      | Found Lableuxo's Assorted Antiques.
  4988 | D:5      | Bought a small onyx ring for 170 gold pieces
  4988 | D:5      | Bought a coppery potion for 30 gold pieces
  4988 | D:5      | Bought a scroll of identify for 68 gold pieces
  5193 | D:5      | Killed Prince Ribbit
  5194 | D:5      | Reached skill level 8 in Fighting
  5194 | D:5      | Reached skill level 10 in Maces & Flails
  5551 | D:6      | Noticed Pikel
  5567 | D:6      | Killed Pikel
  5568 | D:6      | Reached XP level 9. HP: 81/81 MP: 8/8
  5685 | D:6      | Noticed Domino's ghost (novice MiBe)
  5688 | D:6      | Found a runed translucent door.
  5690 | D:6      | Found a burning altar of Makhleb.
  5747 | D:6      | Killed Domino's ghost
  5748 | D:6      | Reached skill level 5 in Dodging
  5748 | D:6      | Reached skill level 5 in Evocations
  5915 | D:6      | Found a sparkling altar of Nemelex Xobeh.
  6199 | D:7      | Found a staircase to the Ecumenical Temple.
  6218 | Temple   | Found a transporter.
  6218 | Temple   | Found a transporter.
  6218 | Temple   | Found a transporter.
  6218 | Temple   | Found a transporter.
  6218 | Temple   | Entered the Ecumenical Temple
  6235 | D:7      | Noticed a hellwing
  6265 | D:7      | Reached skill level 5 in Armour
  6310 | D:7      | Reached XP level 10. HP: 54/88 MP: 9/9
  6520 | D:7      | Reached skill level 9 in Fighting
  6868 | D:7      | Upgraded the game from 0.31-a0-836-g3ceb0a68c4 to
                  | 0.31-a0-841-g038b102fc3
  6944 | D:7      | Gained mutation: Your flesh is cold resistant. (rC+)
                  | [potion of mutation]
  6944 | D:7      | Gained mutation: Your muscles are strong. (Str +4, Int/Dex
                  | -1) [potion of mutation]
  7062 | D:7      | Reached skill level 1 in Ranged Weapons
  7075 | D:7      | Found the +7 Throatcutter {drain, coup de grace}
  7085 | D:7      | Reached skill level 1 in Axes
  7148 | D:7      | Found a stormy altar of Qazlal.
  7471 | D:7      | Found a glowing golden altar of the Shining One.
  7471 | D:7      | Found a glowing silver altar of Zin.
  7471 | D:7      | Found a white marble altar of Elyvilon.
  7520 | D:7      | Identified a scroll of acquirement
  7520 | D:7      | Acquired a manual of Long Blades
  7685 | D:8      | Found a basalt altar of Yredelemnul.
  7697 | D:8      | Reached skill level 1 in Long Blades
  8328 | D:8      | Identified the +0 robe of Ifrasaaz {Contam rC+ Int+4 Dex+3}
  8453 | D:8      | Reached skill level 5 in Long Blades
  8754 | D:8      | Noticed a catoblepas
  9030 | D:8      | Noticed a green ugly thing
  9039 | D:8      | Killed a green ugly thing
  9040 | D:8      | Reached skill level 5 in Ranged Weapons
  9077 | D:8      | Noticed a cyclops
  9165 | D:9      | Reached XP level 11. HP: 96/97 MP: 10/10
  9197 | D:9      | Found Xucval's Armour Shop.
  9288 | D:9      | Reached ***** piety under Trog
  9327 | D:9      | Found a shimmering blue altar of Sif Muna.
  9448 | D:9      | Found a staircase to the Lair.
  9958 | D:9      | Noticed a two-headed ogre
  9982 | D:9      | Killed a two-headed ogre
  9983 | D:9      | Reached skill level 10 in Long Blades
 10482 | D:9      | Bought a +0 pair of boots for 58 gold pieces
 10506 | D:9      | Found an ornate altar of the Wu Jian Council.
 10578 | D:9      | Found a hide-covered altar of Uskayaw.
 10890 | D:10     | Entered Level 10 of the Dungeon
 10890 | D:10     | Noticed Amaemon
 10972 | D:10     | Killed Amaemon
 11243 | D:10     | Upgraded the game from 0.31-a0-841-g038b102fc3 to
                  | 0.31-a0-844-gdc52ec4e09
 11317 | D:10     | Found an iron altar of Okawaru.
 11358 | D:10     | Noticed a two-headed ogre
 11368 | D:10     | Killed a two-headed ogre
 11490 | D:10     | Found a staircase to the Orcish Mines.
 11933 | D:10     | Found a bloodstained altar of Trog.
 12079 | D:10     | Found a snail-covered altar of Cheibriados.
 12108 | D:10     | Noticed a two-headed ogre
 12110 | D:10     | Found an ancient bone altar of Kikubaaqudgha.
 12114 | D:10     | Killed a two-headed ogre
 12115 | D:10     | Reached skill level 10 in Armour
 12115 | D:10     | Reached XP level 12. HP: 96/104 MP: 11/11
 12481 | D:11     | Reached skill level 10 in Fighting
 13107 | D:10     | Lost mutation: Your muscles are strong. (Str +4, Int/Dex
                  | -1) [potion of mutation]
 13107 | D:10     | Lost mutation: Your flesh is cold resistant. (rC+) [potion
                  | of mutation]
 13107 | D:10     | Gained mutation: You are frail. (-10% HP) [potion of
                  | mutation]
 13107 | D:10     | Gained mutation: You are very frail. (-20% HP) [potion of
                  | mutation]
 13107 | D:10     | Gained mutation: You have large cloven feet. [potion of
                  | mutation]
 13109 | D:10     | Lost mutation: You have large cloven feet. [potion of
                  | mutation]
 13109 | D:10     | Lost mutation: You are very frail. (-20% HP) [potion of
                  | mutation]
 13109 | D:10     | Lost mutation: You are frail. (-10% HP) [potion of
                  | mutation]
 13109 | D:10     | Gained mutation: You sometimes lose your temper in combat.
                  | [potion of mutation]
 13109 | D:10     | Gained mutation: You are strong-willed. (Will+) [potion of
                  | mutation]
 13110 | D:10     | Lost mutation: You are strong-willed. (Will+) [potion of
                  | mutation]
 13110 | D:10     | Lost mutation: You sometimes lose your temper in combat.
                  | [potion of mutation]
 13110 | D:10     | Gained mutation: Your spells are a little easier to cast,
                  | but a little less powerful. [potion of mutation]
 13110 | D:10     | Gained mutation: Your system is resistant to poisons.
                  | (rPois) [potion of mutation]
 13422 | D:11     | Noticed a boulder beetle
 13487 | D:11     | Killed a boulder beetle
 13488 | D:11     | Reached skill level 1 in Throwing
 13781 | D:11     | Noticed Psyche
 13911 | D:11     | Killed Psyche
 13952 | D:11     | Reached skill level 11 in Fighting
 14291 | D:11     | Noticed a tengu warrior
 14320 | D:11     | Killed a tengu warrior
 14428 | D:11     | Noticed a four-headed hydra
 14434 | D:11     | Killed a four-headed hydra
 14501 | D:11     | Reached skill level 12 in Fighting
 14643 | Lair:1   | Entered Level 1 of the Lair of Beasts
 14657 | Lair:1   | Reached skill level 5 in Throwing
 14722 | Lair:1   | Reached skill level 1 in Shields
 15246 | Lair:1   | Identified the +0 hat of Lies {Dex+8 Slay-3}
 15321 | Lair:1   | Reached XP level 13. HP: 116/119 MP: 12/12
 15650 | Lair:2   | Reached skill level 13 in Fighting
 15660 | Lair:2   | Found a hole to the Spider Nest.
 15746 | Lair:2   | Upgraded the game from 0.31-a0-844-gdc52ec4e09 to
                  | 0.31-a0-851-g7ff8af7976
 15761 | Lair:2   | Reached skill level 5 in Shields
 16187 | Lair:2   | Reached skill level 14 in Fighting
 16232 | Lair:2   | Upgraded the game from 0.31-a0-851-g7ff8af7976 to
                  | 0.31-a0-854-g362426d53f
 16280 | Lair:2   | Found a staircase to the Shoals.
 17102 | Lair:3   | Upgraded the game from 0.31-a0-854-g362426d53f to
                  | 0.31-a0-988-g08d55dae12
 18939 | Lair:4   | Reached skill level 15 in Fighting
 19324 | Lair:5   | Identified the of Castua
 19324 | Lair:5   | Entered Level 5 of the Lair of Beasts
 19429 | Lair:5   | Identified the ring "Xedycw" {Wiz rN+}
 19584 | Lair:5   | Reached skill level 10 in Shields
 19718 | Lair:5   | Found a shadowy altar of Dithmenos.
 19819 | Lair:5   | Reached XP level 14. HP: 98/135 MP: 13/13
 20105 | Lair:5   | Identified the +6 broad axe of the Desert {heavy, *Slow
                  | rPois Dex-2 SInv} (Trog gifted it to you on level 5 of the
                  | Lair of Beasts)
 20105 | Lair:5   | Received a gift from Trog
 20232 | Lair:5   | Found a staircase to the Slime Pits.
 20238 | Lair:5   | Found a viscous altar of Jiyva.
 20546 | Lair:5   | Reached skill level 5 in Axes
 21353 | Lair:5   | Reached skill level 10 in Evocations
 21706 | D:12     | Found a runed translucent gate.
 21707 | D:12     | Found a runed translucent gate.
 21708 | D:12     | Found a runed translucent gate.
 21710 | D:12     | Noticed WhatIsLove's ghost (journeyman DjFE)
 21841 | D:12     | Killed WhatIsLove's ghost
 22511 | Orc:1    | Entered Level 1 of the Orcish Mines
 22688 | Orc:2    | Entered Level 2 of the Orcish Mines
 22691 | Orc:2    | Found a gate leading to a gauntlet.
 22700 | Gauntlet | Entered a Gauntlet
 22700 | Gauntlet | Found a transporter.
 22702 | Gauntlet | Upgraded the game from 0.31-a0-988-g08d55dae12 to
                  | 0.31-a0-995-g04711c9635
 22708 | Gauntlet | Found a transporter.
 22710 | Gauntlet | Found a transporter.
 22712 | Gauntlet | Found a transporter.
 22740 | Gauntlet | Found a transporter.
 22742 | Gauntlet | Found a transporter.
 22756 | Gauntlet | Found a transporter.
 22791 | Gauntlet | Found a transporter.
 22808 | Gauntlet | Found a transporter.
 22814 | Gauntlet | Found a transporter.
 22814 | Gauntlet | Noticed a cacodemon
 22831 | Gauntlet | Found a transporter.
 22848 | Gauntlet | Found a transporter.
 22866 | Gauntlet | Found a transporter.
 22882 | Gauntlet | Found a transporter.
 22912 | Gauntlet | Found a transporter.
 22926 | Gauntlet | Found a large runed translucent door.
 22927 | Gauntlet | Found a large runed translucent door.
 22928 | Gauntlet | Found a large runed translucent door.
 22928 | Gauntlet | Found a large runed translucent door.
 22929 | Gauntlet | Found a runed translucent gate.
 22930 | Gauntlet | Found a transporter.
 22930 | Gauntlet | Found a runed translucent gate.
 22931 | Gauntlet | Found a runed translucent gate.
 22931 | Gauntlet | Found a large runed translucent door.
 22931 | Gauntlet | Found a large runed translucent door.
 22931 | Gauntlet | Found a runed translucent door.
 22931 | Gauntlet | Found a runed translucent door.
 22932 | Gauntlet | Found a large runed translucent door.
 22933 | Gauntlet | Found a large runed translucent door.
 22935 | Gauntlet | Found a transporter.
 22935 | Gauntlet | Found a transporter.
 22943 | Gauntlet | Found a large runed translucent door.
 22944 | Gauntlet | Found a large runed translucent door.
 22945 | Gauntlet | Found a large runed translucent door.
 22953 | Gauntlet | Found a large runed translucent door.
 22954 | Gauntlet | Found a large runed translucent door.
 22954 | Gauntlet | Found a large runed translucent door.
 22955 | Gauntlet | Found a large runed translucent door.
 22956 | Gauntlet | Found a large runed translucent door.
 23554 | Gauntlet | Identified the +0 pair of gloves "Otufateh" {+Blink rElec
                  | Str-4}
 23784 | Gauntlet | Identified the +2 leather armour of Otryeden {rF+ Int-2
                  | SInv}
 23790 | Orc:2    | Noticed an orc warlord
 23843 | Orc:2    | Killed an orc warlord
 23855 | Orc:1    | Noticed an orc warlord
 23897 | Orc:1    | Killed an orc warlord
 23898 | Orc:1    | Reached XP level 15. HP: 34/133 MP: 14/14
 24336 | Orc:1    | Found a runed translucent door.
 24336 | Orc:1    | Found a shimmering altar of Xom.
 24336 | Orc:1    | Noticed Gazaiw's ghost (journeyman MiBe)
 24351 | Orc:1    | Killed Gazaiw's ghost
 24426 | Orc:1    | Identified the ring of Incredulity {rElec rF+++ rN+ Will+
                  | Int-5}
 24774 | Orc:2    | Noticed Urug
 24786 | Orc:2    | Killed Urug
 24822 | Orc:2    | Found a staircase to the Elven Halls.
 25022 | Orc:2    | Reached skill level 10 in Axes
 25339 | Orc:2    | Found Leptoid's Distillery.
 25347 | Orc:2    | Bought a potion of heal wounds for 55 gold pieces
 25347 | Orc:2    | Bought a potion of heal wounds for 55 gold pieces
 25387 | Orc:2    | Found Baacoapt's Armour Shoppe.
 25691 | Orc:2    | Found Webih's Weapon Emporium.
 26135 | Orc:2    | Upgraded the game from 0.31-a0-995-g04711c9635 to
                  | 0.31-a0-1001-g770356a28f
 26167 | Orc:2    | Found Comoeh's Antique Weapon Emporium.
 26167 | Orc:2    | Found Dustrycip's Jewellery Emporium.
 26168 | Orc:2    | Found Joiwk's Assorted Antiques.
 26168 | Orc:2    | Found Radwir's Antique Weapon Emporium.
 26180 | Orc:2    | Bought a potion of curing for 90 gold pieces
 26180 | Orc:2    | Bought a scroll labelled KEOTTA BULEB for 30 gold pieces
 26322 | Orc:2    | Bought the +4 scale mail of Huopav {rC++ Slay+5 Stlth+} for
                  | 795 gold pieces
 26363 | Orc:2    | Bought a potion of might for 44 gold pieces
 26485 | D:13     | Noticed Fiesu's ghost (journeyman DrCj)
 26508 | D:13     | Noticed Miokhlun's ghost (journeyman DrCj)
 26549 | D:13     | Found a transporter.
 26551 | D:13     | Found a transporter.
 27439 | D:13     | Identified the +6 arbalest "Zyzuutae" {penet, rElec Int+2}
 27644 | D:14     | Received a gift from Trog
 27704 | D:14     | Noticed Kirke
 27746 | D:14     | Killed Kirke
 27848 | D:14     | Noticed Josephine
 27860 | D:14     | Killed Josephine
 27886 | D:14     | Acquired a manual of Shields
 27927 | D:14     | Found a gate to the Vaults.
 27960 | D:14     | Noticed Snorg
 27996 | D:14     | Killed Snorg
 28275 | D:15     | Entered Level 15 of the Dungeon
 28295 | D:15     | Reached XP level 16. HP: 126/149 MP: 15/15
 28807 | D:15     | Found a staircase to the Depths.
 29080 | Spider:1 | Entered Level 1 of the Spider Nest
 29716 | Spider:1 | Upgraded the game from 0.31-a0-1001-g770356a28f to
                  | 0.31-a0-1008-g5b978dac0e
 29937 | Spider:1 | Received a gift from Trog
 30005 | Spider:1 | Upgraded the game from 0.31-a0-1008-g5b978dac0e to
                  | 0.31-a0-1068-g5939ac1fb6
 30182 | Spider:1 | Upgraded the game from 0.31-a0-1068-g5939ac1fb6 to
                  | 0.31-a0-1082-g7d1fb776a8
 30736 | Spider:1 | Reached skill level 15 in Shields
 30745 | Spider:1 | Reached skill level 15 in Axes
 30973 | Spider:2 | Upgraded the game from 0.31-a0-1082-g7d1fb776a8 to
                  | 0.31-a0-1118-gbca3d03946
 31079 | Spider:2 | Noticed Mlioglotl
 31090 | Spider:2 | Killed Mlioglotl
 31134 | Spider:2 | Noticed Arachne
 31137 | Spider:2 | Upgraded the game from 0.31-a0-1118-gbca3d03946 to
                  | 0.31-a0-1206-g41278d8d1d
 31138 | Spider:2 | Upgraded the game from 0.31-a0-1206-g41278d8d1d to
                  | 0.31-a0-1237-gabc64e778c
 31255 | Spider:2 | Noticed Donald
 31264 | Spider:2 | Killed Donald
 31519 | Spider:2 | Upgraded the game from 0.31-a0-1237-gabc64e778c to
                  | 0.31-a0-1265-gaa4636e842
 31519 | Spider:2 | Upgraded the game from 0.31-a0-1265-gaa4636e842 to
                  | 0.31-a0-1278-g11c5b68f87
 31550 | Spider:2 | Killed Arachne
 32962 | Spider:3 | Received a gift from Trog
 32965 | Spider:3 | Reached XP level 17. HP: 118/156 MP: 16/16
 33784 | Spider:3 | Reached skill level 16 in Fighting
 34371 | Spider:4 | Entered Level 4 of the Spider Nest
 34839 | Spider:4 | Received a gift from Trog
 34974 | Spider:4 | Reached skill level 17 in Fighting
 35776 | Spider:4 | Reached skill level 10 in Throwing
 36215 | Spider:4 | Got a gossamer rune of Zot
 36582 | Orc:2    | Bought a potion of enlightenment for 55 gold pieces
 36582 | Orc:2    | Bought a potion of mutation for 88 gold pieces
 36582 | Orc:2    | Lost mutation: Your system is resistant to poisons. (rPois)
                  | [potion of mutation]
 36582 | Orc:2    | Lost mutation: Your spells are a little easier to cast, but
                  | a little less powerful. [potion of mutation]
 36582 | Orc:2    | Gained mutation: You have hidden genetic potential. [potion
                  | of mutation]
 36698 | Shoals:1 | Entered Level 1 of the Shoals
 37155 | Shoals:1 | Reached skill level 18 in Fighting
 37458 | Shoals:1 | Reached XP level 18. HP: 172/172 MP: 17/17
 38739 | Shoals:2 | Received a gift from Trog
 38810 | Shoals:3 | Noticed Ilsuiw
 38866 | Shoals:3 | Found a flickering gateway to a bazaar.
 38881 | Shoals:3 | Killed Ilsuiw
 38903 | Shoals:3 | Found Jini's Magic Scroll Shop.
 38937 | Bazaar   | Entered a bazaar
 39001 | Bazaar   | Found Etylowi's Distillery.
 39009 | Bazaar   | Found Laemul's Book Boutique.
 39038 | Bazaar   | Found Togeut's Antique Armour Emporium.
 39046 | Bazaar   | Found Eprostoa's Book Shop.
 39098 | Bazaar   | Bought a potion of haste for 120 gold pieces
 39098 | Bazaar   | Bought 2 potions of curing for 72 gold pieces
 39098 | Bazaar   | Bought a potion of heal wounds for 60 gold pieces
 39120 | Bazaar   | Bought a smouldering chain mail for 247 gold pieces
 39120 | Bazaar   | Identified the +7 chain mail "Sogoal" {Int+4} (You bought
                  | it in a shop in a bazaar)
 39192 | Shoals:3 | Reached skill level 15 in Armour
 39265 | Shoals:3 | Bought a scroll of blinking for 127 gold pieces
 39265 | Shoals:3 | Bought a scroll of teleportation for 51 gold pieces
 39267 | Shoals:3 | Bought a scroll of poison for 68 gold pieces
 39570 | Shoals:3 | Reached skill level 19 in Fighting
 39981 | Shoals:4 | Entered Level 4 of the Shoals
 40849 | Shoals:4 | Reached skill level 20 in Fighting
 40911 | Shoals:4 | Got a barnacled rune of Zot
 40944 | Shoals:4 | Gained mutation: You are strong-willed. (Will+) [hidden
                  | potential]
 41014 | Shoals:4 | Identified the +5 spear of Circularity {flame, rF++}
 41561 | Elf:1    | Entered Level 1 of the Elven Halls
 41728 | Elf:1    | Identified the +6 flail "Uqicov" {speed, Str+2}
 41873 | Elf:1    | Reached XP level 19. HP: 184/185 MP: 18/18
 42152 | Elf:1    | Found Guckoffe's Antique Armour Emporium.
 42153 | Elf:1    | Found Ontoocuo's Antique Armour Shoppe.
 42153 | Elf:1    | Found Hauxutsu's Book Emporium.
 42158 | Elf:1    | Found Ukhont's Book Shoppe.
 42275 | Elf:1    | Identified the +1 chain mail "Udiaviwa" {rElec rF+}
 42455 | Elf:1    | Received a gift from Trog
 42478 | Elf:1    | Identified the maw talisman of the Heavens {Str+5 SInv}
 42813 | Elf:2    | Found a runed translucent gate.
 42818 | Elf:2    | Found a runed translucent gate.
 42818 | Elf:2    | Found a runed translucent gate.
 42846 | Elf:2    | Paralysed by an air elemental for 1 turns
 42873 | Elf:2    | Found Malon's Antique Weapon Shoppe.
 43451 | Elf:2    | Identified the blade talisman "Gekoes" {Fly Int+3}
 43516 | Elf:2    | Received a gift from Trog
 44261 | Vaults:1 | Entered Level 1 of the Vaults
 45281 | Vaults:1 | Noticed Norris
 45290 | Vaults:1 | Killed Norris
 45295 | Vaults:1 | Found Vittodwa's Weapon Shoppe.
 45504 | Vaults:1 | Gained mutation: You possess an exceptional clarity of
                  | mind. [hidden potential]
 45504 | Vaults:1 | Lost mutation: You have hidden genetic potential. [hidden
                  | potential expressed]
 45564 | Vaults:1 | Identified the +2 demon blade of Due Proportion {flame,
                  | rF+} (Trog gifted it to you on level 1 of the Vaults)
 45564 | Vaults:1 | Received a gift from Trog
 45565 | Vaults:1 | Reached ****** piety under Trog
 45861 | Vaults:1 | Found Uwoucen's Book Shoppe.
 46178 | Elf:1    | Bought an ichor-stained plate armour for 1008 gold pieces
 46178 | Elf:1    | Identified the +0 plate armour of Muttered Phrases {^Drain
                  | Fly rPois rN++} (You bought it in a shop on level 1 of the
                  | Elven Halls)
 46994 | Vaults:1 | Upgraded the game from 0.31-a0-1278-g11c5b68f87 to
                  | 0.31-a0-1300-gb6740aa4e6
 47128 | Vaults:2 | Noticed Asterion
 47148 | Vaults:2 | Killed Asterion
 47178 | Vaults:2 | Noticed Frederick
 47195 | Vaults:2 | Noticed Agnes
 47198 | Vaults:2 | Killed Frederick
 47199 | Vaults:2 | Reached skill level 10 in Dodging
 47199 | Vaults:2 | Reached XP level 20. HP: 193/193 MP: 6/19
 47206 | Vaults:2 | Killed Agnes
 47380 | Vaults:2 | Received a gift from Trog
 47985 | Vaults:2 | Identified the serpent talisman of Oniaruby {Str-4 Slay+6}
 47985 | Vaults:2 | Noticed Aizul
 48005 | Vaults:2 | Killed Aizul
 48272 | Vaults:2 | Noticed Mennas
 48312 | Vaults:2 | Killed Mennas
 48601 | Vaults:2 | Found a staircase to the Crypt.
 48601 | Vaults:2 | Found a basalt altar of Yredelemnul.
 48602 | Vaults:2 | Found an ancient bone altar of Kikubaaqudgha.
 48716 | Vaults:2 | Found Aninam's Book Boutique.
 49128 | Vaults:3 | Received a gift from Trog
 49472 | Vaults:3 | Reached skill level 21 in Fighting
 49742 | Vaults:3 | Found a portal to a secret trove of treasure.
 50576 | Vaults:4 | Noticed Jory
 50789 | Vaults:4 | Reached skill level 1 in Stealth
 50884 | Vaults:4 | Found a gateway to a bazaar.
 51103 | Vaults:4 | Identified the +6 falchion "Igikudir" {heavy, rN+ Dex+3}
                  | (Trog gifted it to you on level 4 of the Vaults)
 51103 | Vaults:4 | Received a gift from Trog
 51243 | Vaults:4 | Reached XP level 21. HP: 206/206 MP: 6/20
 51652 | Vaults:4 | Reached skill level 22 in Fighting
 52148 | Vaults:4 | Reached skill level 5 in Stealth
 52155 | Vaults:4 | Received a gift from Trog
 52563 | Vaults:4 | Killed Jory
 52741 | Crypt:1  | Entered Level 1 of the Crypt
 53235 | Crypt:1  | You fall into a shaft and drop 1 floor!
 53242 | Crypt:2  | Acquired 1231 gold pieces
 53262 | Crypt:2  | Identified the +7 eveningstar "Giantbane" {flame, rPois}
                  | (Trog gifted it to you on level 2 of the Crypt)
 53262 | Crypt:2  | Received a gift from Trog
 53490 | Bazaar   | Entered a bazaar
 53492 | Bazaar   | Found Arunuza's Armour Boutique.
 53504 | Bazaar   | Found Nuin Pui's Book Boutique.
 53508 | Bazaar   | Found Xemaz's Antique Weapon Shop.
 53545 | Bazaar   | Found Qeire's Book Boutique.
 53980 | Elf:1    | Bought a manual of Armour for 1200 gold pieces
 54715 | Crypt:1  | Reached skill level 23 in Fighting
 55392 | Orc:2    | Bought a ring of the Octopus King {HP+2 AC+2 EV+2 SH+2
                  | SInv} for 514 gold pieces
 55392 | Orc:2    | Found the ring of the Octopus King {HP+2 AC+2 EV+2 SH+2
                  | SInv}
 55414 | Orc:2    | Bought a dented blue amulet for 150 gold pieces
 56006 | Crypt:2  | Noticed Margery
 56050 | Crypt:2  | Killed Margery
 56894 | Crypt:3  | Entered Level 3 of the Crypt
 56958 | Crypt:3  | Received a gift from Trog
 57189 | Crypt:3  | Found an ancient bone altar of Kikubaaqudgha.
 57236 | Crypt:3  | Received a gift from Trog
 57400 | Crypt:3  | Reached XP level 22. HP: 222/222 MP: 7/21
 57434 | Crypt:3  | Identified the +0 leather armour of Rucw {*Slow rN+ Regen+}
 57583 | Crypt:3  | Noticed Khufu
 57590 | Crypt:3  | Noticed Sojobo
 57609 | Crypt:3  | Reached skill level 24 in Fighting
 57621 | Crypt:3  | Killed Sojobo
 58381 | Crypt:3  | Identified the +4 chain mail of Starshine {Str+7 Dex+4
                  | Slay-5}
 58442 | Crypt:3  | Killed Khufu
 58553 | Crypt:3  | Found a staircase to the Tomb.
 59203 | Depths:1 | Entered Level 1 of the Depths
 59336 | Depths:1 | Received a gift from Trog
 59723 | Depths:1 | Found a one-way gate to the infinite horrors of the Abyss.
 59772 | Depths:1 | Found a gateway to Hell.
 60320 | Depths:2 | Reached skill level 25 in Fighting
 60348 | Depths:2 | Upgraded the game from 0.31-a0-1300-gb6740aa4e6 to
                  | 0.31-a0-1308-ga3cce3a448
 60524 | Depths:2 | Received a gift from Trog
 60708 | Depths:2 | Acquired a manual of Ranged Weapons
 60734 | Depths:2 | Reached skill level 15 in Throwing
 61310 | Depths:2 | Found a corrupted altar of Lugonu.
 61913 | Depths:2 | Found a one-way gate leading to the halls of Pandemonium.
 62123 | Depths:3 | Noticed Louise
 62137 | Depths:3 | Killed Louise
 62236 | Depths:3 | Found Big Baal Hell's Store.
 62293 | Depths:3 | Noticed a juggernaut
 62378 | Depths:3 | Found Rostro's General Store.
 62791 | Depths:3 | Reached XP level 23. HP: 231/236 MP: 20/22
 62798 | Depths:3 | Killed a juggernaut
 62798 | Depths:3 | Received a gift from Trog
 62922 | Depths:3 | Bought a potion of curing for 36 gold pieces
 62924 | Depths:3 | Bought a scroll of vulnerability for 48 gold pieces
 63106 | Depths:3 | Found a stormy altar of Qazlal.
 63125 | Depths:3 | Noticed Vv
 63368 | Depths:3 | Killed Vv
 63369 | Depths:3 | Reached skill level 26 in Fighting
 64500 | D:13     | Killed Fiesu's ghost
 64527 | D:13     | Killed Miokhlun's ghost
 64774 | Depths:4 | Entered Level 4 of the Depths
 65534 | Depths:4 | Found a one-way gateway to a ziggurat.
 65787 | Depths:4 | Received a gift from Trog
 66070 | Depths:4 | Found a gate to the Realm of Zot.
 66206 | Depths:4 | Found Qocsuer's Antique Weapon Shoppe.
 66707 | Vaults:5 | Entered Level 5 of the Vaults
 66781 | Vaults:5 | Noticed a dread lich
 66801 | Vaults:5 | Killed a dread lich
 67104 | Vaults:5 | Identified the +1 falchion of the Living Dead {heavy,
                  | +Blink Will+ Str+2}
 67192 | Vaults:5 | Reached skill level 27 in Fighting
 67227 | Vaults:5 | Noticed a dread lich
 67373 | Vaults:5 | HP: 10/242 [titan/the air (40)]
 67374 | Vaults:5 | Killed from afar by a titan

Illustrated notes

Levels and vault maps discovered:
D:1:      dpeg_arrival_stone_temple_mockup, layout_rooms,
          shapermc_ecumenical_altar_totnotflames, serial_aquarium,
          aquarium_bridge_straight [aquarium_subvault_bridge,
          aquarium_subvault_balcony, aquarium_subvault_bridge,
          aquarium_subvault_window], aquarium_bridge_square
          [aquarium_subvault_wall, aquarium_subvault_window,
          aquarium_subvault_window, aquarium_subvault_bridge],
          aquarium_window_corridor_1, aquarium_window_corner, aquarium_view_2c,
          aquarium_pool_1, chequers_serial_rivers_large_b, minivault_14,
          amcnicky_mini_pool_small
D:2:      layout_basic, basic_altar, minmay_goblin_outpost, uniq_robin
D:3:      layout_loops_ring
D:4:      layout_cave_pools, xom_redecorated, ebering_ghost_sewer_f,
          chequers_serial_rivers_large_a, uniq_pargi
D:5:      layout_rooms, serial_shops, nicolae_shop_overgrown_old_shop,
          uniq_prince_ribbit1
D:6:      layout_rooms, mainiacjoe_overflow_cross_hatched, kennysheep_mini_moat,
          hellmonk_ghost_happy_afterlife, uniq_pikel
D:7:      cheibrodos_grave_circle, layout_loops_corners, good_gods_mini_temple,
          mainiacjoe_overflow_chevrons, temple_pool_b, dk_vineyard_2
D:8:      minmay_the_grid_triangle_9x9_recursive_2
          [minmay_the_grid_triangle_9x9_prize_insulated,
          minmay_the_grid_triangle_9x9_sprig,
          minmay_the_grid_triangle_9x9_longest,
          minmay_the_grid_triangle_9x9_corrupted_corridor], layout_basic,
          mainiacjoe_overflow_alcove_1
D:9:      layout_loops_ring, pdpol_wu_jian_five_deadly_venoms,
          nicolae_uskayaw_dance_studio, nicolae_sif_muna_little_library,
          minmay_lair_entry_grove, nicolae_stop_n_shop_1
D:10:     layout_cave_pools, trog_antimagical, mainiacjoe_overflow_two_lobes,
          kennysheep_okawaru_gauntlet, chequers_serial_rivers_marsh,
          lemuel_flamethrower_2, uniq_amaemon
D:11:     cheibrodos_fzero, layout_basic, uniq_psyche
D:12:     layout_irregular_city, ebering_ghost_rock_garden
D:13:     layout_roguey, nzn_ghost_randoct
D:14:     layout_basic, hellmonk_vaults_order_and_chaos,
          hangedman_abyss_or_decor_stabs, uniq_josephine, uniq_kirke, uniq_snorg
D:15:     grunt_enter_depths_snipers, layout_rooms,
          chequers_serial_rivers_room_a
Temple:   hellmonk_temple_divided_pantheon
Lair:1:   minmay_lair_oklob_chamber, layout_long_grid, infiniplex_staircase_pool
Lair:2:   layout_cave_pods, minmay_shoals_entry_beasts,
          spider_nest_entry_web_field
Lair:3:   layout_chaotic_city, chequers_serial_rivers_room_b,
          grunt_forest_large_clearings
Lair:4:   layout_loops_ring, pdpol_lair_cavern_descent
Lair:5:   minmay_lair_end_frog_pond, layout_small_grid, slime_entry_1,
          lemuel_oklob_altar
Shoals:1: layout_shoals
Shoals:2: layout_shoals, nicolae_shoals_loop_pool
Shoals:3: layout_shoals, serial_shops, freezing_bzr,
          nicolae_shop_window_shopping, uniq_ilsuiw
Shoals:4: shoals_end_grunt_ice, layout_shoals
Spider:1: layout_spider_delve, hangedman_spider_tarantella_strand
Spider:2: layout_spider_delve, uniq_arachne, uniq_mlioglotl, uniq_donald
Spider:3: layout_cave_pods, nicolae_spider_bug_shape
Spider:4: hellmonk_spider_rune_endless_swarm
Orc:1:    layout_caves, ebering_ghost_xom
Orc:2:    st_orc_pillars, layout_caves, serial_shops,
          nicolae_shop_rolling_square, nicolae_square_shop,
          nicolae_shop_peninsula, gauntlet_entry_generic, uniq_urug
Elf:1:    eino_elf_arrival_the_gate, layout_loops_corners,
          minmay_elf_annihilation, minmay_shoptagon
Elf:2:    elven_hall_of_blades_hangedman_original
          [infiniplex_blade_entry_pillars], layout_gridlike, serial_shops,
          nicolae_shop_behind_doors, grunt_megastairs_2, uniq_asterion
Vaults:1: vaults_mumra_hex, nicolae_vaults_house_2,
          nicolae_vaults_taking_the_gang_shopping, v_pattern_3,
          ontoclasm_vaults_ligature, vaults_standard_mumra_enter_the_diamond,
          nicolae_vaults_tetromino_L_1, nicolae_vaults_tetromino_L_1,
          layout_vaults_quadrants, serial_shops, shop, uniq_norris
Vaults:2: hangedman_vaults_corner_blocks, nicolae_vaults_closet_pinwheel_4,
          v_rooms_6, sword_in_stone, grunt_vaults_twisty,
          nicolae_vaults_double_plus_2, nicolae_vaults_network_s,
          ontoclasm_vaults_eye, nicolae_vaults_more_shelving_2,
          nicolae_vaults_little_squares_6, minmay_crypt_entry_necro_gods,
          ontoclasm_vaults_twist, ontoclasm_vaults_decontamination,
          nicolae_vaults_gold_heap, layout_vaults_maze_bifur, serial_shops,
          shop, uniq_mennas, uniq_aizul
Vaults:3: vaults_standard_mumra_lines, nicolae_vaults_security_offices_1,
          nicolae_vaults_frosty_reception, nicolae_vaults_sealed_display,
          ontoclasm_vaults_pinch, vaults_room_stairs_pillars, v_misc_19,
          hangedman_vaults_stagger, vaults_room_hallway,
          nicolae_vaults_layer_cake_slice, v_misc_29, vaults_dpeg_encased_lava,
          v_pattern_5, vaults_room_door_ring, layout_vaults_omnibox,
          enter_trove_3
Vaults:4: nicolae_vaults_trapezoid_lopsided_1, nicolae_vaults_ninety_degrees,
          v_rooms_4, hangedman_vaults_trim, ontoclasm_vaults_spin,
          vaults_room_fours, v_misc_2, v_misc_8,
          nicolae_vaults_trapezoid_lopsided_1, nicolae_vaults_apartment_2,
          layout_vaults_big_room, serial_shops, statue_bzr, uniq_jory
Vaults:5: serial_shops, uniq_boris
Crypt:1:  layout_gridlike, grunt_crypt_arrival_webbed,
          roderic_lattice_octagonal_star
Crypt:2:  layout_chaotic_city, skrybe_necro_troll_1, uniq_margery
Crypt:3:  grunt_crypt_end_deaths_head, uniq_sojobo
Depths:1: layout_honeycomb, abyss_entry_crystal, hell_entry,
          minmay_misc_feat_five, minmay_misc_feat_alley,
          statue_in_the_mist_lemuel, hangedman_glass_teeth,
          minmay_misc_feat_cross, kennysheep_generic_room_7
Depths:2: minmay_angry_zag, layout_gridville, grunt_pan_entry_in_and_out,
          nicolae_sextant, abyss_entry_flame_altar, serial_rivers,
          chequers_serial_rivers_room_a, chequers_serial_rivers_small_3,
          chequers_serial_rivers_micro_b, chequers_serial_rivers_marsh,
          chequers_serial_rivers_micro_c, hangedman_geh_valley
Depths:3: minmay_curly_fans, layout_gridlike, nicolae_hell_entry_big_baal_hell,
          nicolae_qazlal_general_emergency,
          nicolae_abyss_entry_one_way_or_another, serial_shops,
          nicolae_shop_tiny_glass, uniq_vv
Depths:4: grunt_zot_entry_gee_three, layout_honeycomb, enter_ziggurat_e,
          serial_shops, shop, hell_entry, corexii_corridor_pit, lightli_minifort

Skill      XL: |  1  2  3  4  5  6  7  8  9 10 11 12 13 14 15 16 17 18 19 20 21 22 23 |
---------------+----------------------------------------------------------------------+-----
Fighting       | 4 5 6 8 9 12 15 18 20 21 23 25 27 | 27.0
Maces & Flails | 4 5 6 7 8 10 11 12 | 12.3
Evocations     | 1 2 3 4 6 7 11 12 13 14 | 14.9
Polearms       | 1 |  1.1
Armour         | 3 4 6 10 11 13 14 15 18 20 | 20.0
Dodging        | 4 6 7 10 14 | 14.0
Ranged Weapons | 5 |  5.0
Axes           | 2 9 13 16 | 16.3
Long Blades    | 6 14 | 14.0
Throwing       | 5 10 11 14 15 16 | 16.1
Shields        | 3 10 11 16 18 19 | 19.0
Stealth        | 3 6 |  6.9

Action                     |  1- 3 |  4- 6 |  7- 9 | 10-12 | 13-15 | 16-18 | 19-21 | 22-24 || total
---------------------------+-------+-------+-------+-------+-------+-------+-------+-------++-------
  Melee: Mace              |    60 |    64 |       |       |       |       |       |       ||   124
         Headbutt          |     6 |    23 |    38 |   128 |   253 |   213 |   457 |   368 ||  1486
         Punch             |     1 |     4 |     3 |     6 |       |       |       |       ||    14
         Flail             |       |    56 |   203 |    74 |       |       |       |       ||   333
         Trident           |       |     4 |       |       |       |       |       |       ||     4
         Long sword        |       |       |       |   422 |   432 |       |       |       ||   854
         Battleaxe         |       |       |       |    25 |       |       |       |       ||    25
         Morningstar       |       |       |       |     6 |    17 |       |       |       ||    23
         Broad axe         |       |       |       |       |   537 |   927 |  1360 |  1146 ||  3970
         Unarmed           |       |       |       |       |     7 |       |       |       ||     7
         Eveningstar       |       |       |       |       |       |       |     9 |     7 ||    16
   Fire: Orcbow            |       |       |       |    13 |       |       |       |       ||    13
         Sling             |       |       |       |       |     1 |       |       |       ||     1
  Throw: Stone             |    17 |    14 |       |       |       |       |       |       ||    31
         Boomerang         |       |       |       |    46 |     1 |   174 |   326 |   101 ||   648
         Dart              |       |       |       |    11 |    22 |    18 |       |       ||    51
         Throwing net      |       |       |       |     1 |       |     3 |     1 |       ||     5
         Javelin           |       |       |       |       |    46 |   109 |    78 |    31 ||   264
 Invoke: Trog's Hand       |       |       |     5 |     6 |     9 |    15 |     3 |     5 ||    43
         Berserk           |       |       |     7 |     6 |     1 |     3 |     4 |       ||    21
         Brothers in Arms  |       |       |       |     5 |     9 |     6 |     2 |     3 ||    25
Ability: Evoke Blink       |       |       |       |       |     8 |     2 |     1 |     6 ||    17
  Evoke: Wand              |     1 |    16 |     2 |    14 |    36 |    12 |     2 |     9 ||    92
         Phial of floods   |       |       |       |       |     1 |     1 |     1 |     2 ||     5
         Lightning rod     |       |       |       |       |     1 |     1 |     1 |     2 ||     5
         Tin of tremorston |       |       |       |       |       |     3 |     5 |     2 ||    10
         Sack of spiders   |       |       |       |       |       |       |     1 |     1 ||     2
    Use: Potion            |     1 |     4 |     1 |     9 |    11 |    16 |     7 |     9 ||    58
         Scroll            |       |     9 |     6 |    11 |    13 |    11 |    10 |    16 ||    76
   Stab: Paralysed         |       |       |       |       |     4 |       |       |     3 ||     7
         Distracted        |       |       |       |       |     1 |       |     1 |     1 ||     3
         Held in net/web   |       |       |       |       |       |     1 |       |       ||     1
         Sleeping          |       |       |       |       |       |       |     3 |       ||     3
 Armour: Animal skin       |    30 |       |       |       |       |       |       |       ||    30
         Ring mail         |     6 |    34 |       |       |       |       |       |       ||    40
         Chain mail        |       |    54 |   173 |   294 |       |       |       |       ||   521
         Plate armour      |       |       |       |   126 |   751 |       |       |   463 ||  1340
         Skin              |       |       |       |       |    16 |    31 |       |       ||    47
         Scale mail        |       |       |       |       |   170 |   946 |   468 |   106 ||  1690
  Dodge: Dodged            |    40 |    81 |    96 |   281 |   403 |   503 |   278 |   265 ||  1947
  Block: Kite shield       |       |       |       |    16 |   722 |   990 |     5 |       ||  1733
         Tower shield      |       |       |       |       |       |       |  1175 |  1230 ||  2405

Table legend: (Time is in decaauts)
 A = Elapsed time spent in this place.
 B = Non-inter-level travel time spent in this place.
 C = Inter-level travel time spent in this place.
 D = Time resting spent in this place.
 E = Time spent auto-exploring this place.
 F = Levels seen in this place.
 G = Mean time per level.
                   A        B        C        D        E       F      G
               +--------+--------+--------+--------+--------+-----+--------+
         Total |  68080 |  58307 |   9773 |  13135 |   4651 |  48 | 1418.3 |
       Dungeon |  20766 |  17948 |   2818 |   4896 |   1905 |  15 | 1384.4 |
        Temple |      8 |      8 |      0 |      0 |      0 |   1 |    8.0 |
          Lair |   7659 |   6669 |    990 |   1347 |   1302 |   5 | 1531.8 |
        Shoals |   4871 |   4255 |    616 |    788 |      0 |   4 | 1217.8 |
   Spider Nest |   7553 |   6564 |    989 |   1783 |    302 |   4 | 1888.2 |
  Orcish Mines |   4280 |   3022 |   1258 |    511 |    283 |   2 | 2140.0 |
   Elven Halls |   2473 |   2016 |    457 |    165 |      3 |   2 | 1236.5 |
        Vaults |   8521 |   7043 |   1478 |   1357 |    315 |   5 | 1704.2 |
         Crypt |   4388 |   4104 |    284 |    812 |    336 |   3 | 1462.7 |
        Depths |   6077 |   5197 |    880 |   1373 |    205 |   4 | 1519.2 |
        Bazaar |    369 |    369 |      0 |     59 |      0 |   2 |  184.5 |
      Gauntlet |   1110 |   1110 |      0 |     40 |      0 |   1 | 1110.0 |
               +--------+--------+--------+--------+--------+-----+--------+

Top non-repeatable levels by time:
   Orc:2: 3217 daAuts
Spider:1: 2491 daAuts
    D:10: 2327 daAuts
Vaults:2: 2292 daAuts
  Lair:5: 2247 daAuts
    D:11: 2161 daAuts
Vaults:4: 2104 daAuts
Spider:3: 2099 daAuts
 Crypt:3: 1954 daAuts
     D:9: 1950 daAuts
Depths:3: 1914 daAuts
Vaults:1: 1889 daAuts
Spider:4: 1636 daAuts
Vaults:3: 1631 daAuts
  Lair:2: 1584 daAuts
